 Dungeon Crawl Stone Soup version 0.26-a0-579-g3afe4966bf (webtiles) character file.

Game seed: 5176296584002377264

214 ANON1729 the Skirmisher (level 5, 0/41 HPs)
             Began as a Demonspawn Wanderer on Aug 23, 2020.
             Slain by Natasha (2 damage)
             ... on level 3 of the Dungeon.
             The game lasted 00:04:52 (4159 turns).

ANON1729 the Skirmisher (Demonspawn Wanderer)       Turns: 4159, Time: 00:04:53

Health: 0/41       AC:  5    Str: 11    XL:     5   Next: 60%
Magic:  7/7        EV: 10    Int: 18    God:
Gold:   138        SH:  0    Dex: 10    Spells: 6/7 levels left

rFire    + . .     SeeInvis .   a - +0 hand axe
rCold    . . .     Faith    .   (no shield)
rNeg     . . .     Spirit   .   c - +0 ring mail
rPois    .         Reflect  .   (helmet currently unavailable)
rElec    .         Harm     .   (no cloak)
rCorr    .                      (no gloves)
MR       +....                  (boots currently unavailable)
Stlth    +.........             (no amulet)
HPRegen  0.13/turn              n - ring of protection from magic
MPRegen  0.10/turn              (no ring)

@: appendages
A: horns 2, talons 2, fire resistance 1, powered by pain 1
a: End Transformation


You were on level 3 of the Dungeon.
You had grown temporary horns.
You had grown temporary talons.
You visited 1 branch of the dungeon, and saw 3 of its levels.

You collected 138 gold pieces.

Inventory:

Hand Weapons
 a - a +0 hand axe (weapon)
Armour
 c - a +0 ring mail (worn)
 i - a +0 robe
Jewellery
 n - a ring of protection from magic (left hand)
 p - an uncursed amulet of faith {unknown}
Scrolls
 b - a scroll of blinking {unknown}
 e - 2 scrolls of enchant weapon {unknown}
 h - 4 scrolls of identify {unknown}
 k - 2 scrolls of amnesia {unknown}
 m - a scroll of teleportation {unknown}
 o - a scroll of remove curse {unknown}
Potions
 d - a potion of mutation {unknown}
 f - a potion of lignification {unknown}
 g - a potion of ambrosia {unknown}
 j - a potion of stabbing {unknown}
 l - a potion of might {unknown}


   Skills:
 * Level 3.4 Fighting
   Level 1.0 Crossbows
 - Level 1.1 Throwing
 - Level 1.9 Armour
 + Level 1.7 Dodging
 + Level 2.5 Stealth
 * Level 1.5 Spellcasting
   Level 1.7 Translocations
 + Level 2.2 Transmutations


You had 6 spell levels left.
You knew the following spells:

 Your Spells              Type           Power        Failure   Level
a - Beastly Appendage     Tmut           #.....       17%         1

Your spell library contained the following spells:

 Spells                   Type           Power        Failure   Level
 Wereblood                Tmut           #.......     26%         2
 Spider Form              Tmut/Pois      #.........   63%         3
 Ice Form                 Ice/Tmut       #.......     95%         4
 Blade Hands              Tmut           #.........   99%         5


Dungeon Overview and Level Annotations

Branches:
Dungeon (3/15)

Altars:
Cheibriados
Hepliaklqana
Makhleb
Trog
Wu Jian
Yredelemnul
The Shining One

Annotations:
D:3 Natasha


Innate Abilities, Weirdness & Mutations

You have razor-sharp toenails.
Your flesh is heat resistant. (rF+)
You sometimes gain a little power by taking damage.
You have a pair of horns on your head.


Message History

You grow a pair of large bovine horns.
Your feet morph into talons.
Natasha mumbles some strange words.
Natasha closely misses you.
You hit Natasha. Your kick misses Natasha.
Natasha is heavily wounded.
Natasha closely misses you.
You hit Natasha. You claw Natasha.
Natasha is almost dead.
You barely miss the iron imp. The iron imp hits you!
* * * LOW HITPOINT WARNING * * *
You focus on the pain.
You feel your power returning.
Natasha casts a spell.
You closely miss Natasha.
Natasha is almost dead.
You closely miss the white imp. You barely miss the iron imp.
Natasha barely misses you. The iron imp hits you.
* * * LOW HITPOINT WARNING * * *
The white imp gestures at you. The puff of frost misses you. Natasha claws you.
You die...

#.....# #.######### #...
##....########.........###...
#....'......+.........'.+...
##...########.........###...
##...########.######### #...
#.............# #...
#.######.###### #... #...#
#..5h5#### #..( ###.#
#.)#@....# ##.# #.#
#..#.###..# #.. #.# ##.#...##
.########.# #.#
#.##...##..##......# #.#
#..#....##.##.....## #.#
##.##....#.##.....#♣ #.#
..##..[#..####.##♣ #.# #.
###....# ##.#♣. #.# ...####.#
#..#♣.


You could see an iron imp (summoned), Natasha and a white imp (summoned).

Vanquished Creatures
  A bullfrog skeleton (D:3)
  Natasha (D:3)
  7 adders
  5 worms (D:2)
  5 dart slugs
  A leopard gecko (D:3)
  An orc (D:3)
  5 giant cockroaches
  12 goblins
  7 hobgoblins
  4 jackals (D:1)
  A ball python (D:1)
  6 bats
  7 frilled lizards
  7 kobolds
  7 rats
77 creatures vanquished.

Vanquished Creatures (others)
  A plant (D:3)
1 creature vanquished.

Grand Total: 78 creatures vanquished

Notes
Turn   | Place    | Note
-------+----------+-------------------------------------------
     0 | D:1      | ANON1729 the Demonspawn Wanderer began the quest for the
                  | Orb.
     0 | D:1      | ANON1729 set off with the following items: a +0 hand axe, a
                  | +0 ring mail; and the following spell memorised: Beastly
                  | Appendage; and the following spells available to memorise:
                  | Wereblood, Spider Form, Ice Form, Blade Hands
     0 | D:1      | Reached XP level 1. HP: 16/16 MP: 1/1
   460 | D:1      | Gained mutation: You sometimes gain a little power by
                  | taking damage. [demonic ancestry]
   460 | D:1      | Reached XP level 2. HP: 22/22 MP: 2/2
   801 | D:1      | Gained mutation: Your flesh is heat resistant. (rF+)
                  | [demonic ancestry]
   801 | D:1      | Reached XP level 3. HP: 8/28 MP: 3/3
  1537 | D:2      | Reached skill level 1 in Dodging
  1682 | D:2      | Found a burning altar of Makhleb.
  1718 | D:2      | Reached XP level 4. HP: 28/34 MP: 4/4
  1893 | D:2      | Noticed a moth of wrath
  2548 | D:2      | Found a hazy altar of Hepliaklqana.
  2769 | D:2      | Found a bloodstained altar of Trog.
  2826 | D:2      | Reached skill level 3 in Fighting
  3142 | D:3      | Found a glowing golden altar of the Shining One.
  3198 | D:3      | Found an ornate altar of the Wu Jian Council.
  3212 | D:3      | Reached skill level 1 in Spellcasting
  3212 | D:3      | Gained mutation: You have sharp toenails. [demonic
                  | ancestry]
  3212 | D:3      | Reached XP level 5. HP: 24/41 MP: 6/6
  3428 | D:3      | Found a basalt altar of Yredelemnul.
  3901 | D:3      | Found a snail-covered altar of Cheibriados.
  3934 | D:3      | Noticed Natasha
  3954 | D:3      | Killed Natasha
  4130 | D:3      | Noticed Natasha
  4159 | D:3      | HP: 2/41 [iron imp[Natasha] (4)]
  4159 | D:3      | Slain by Natasha

Illustrated notes

Levels and vault maps discovered:
D:1:      nagdon_arrival_double_spiral, layout_loops_ring
D:2:      layout_basic, lemuel_crystal_altar, nicolae_overflow_crystal_walls,
          minmay_misc_feat_ornament, tgw_trog
D:3:      minmay_evil_eye, layout_basic, kennysheep_ying_yang,
          overflow_temple_1_default, old_standard_altar,
          nicolae_tso_carved_into_rock, corexii_shack, uniq_crazy_yiuf_cottage,
          uniq_natasha

Skill      XL: |  1  2  3  4 |
---------------+-------------+-----
Dodging        | 1 |  1.7
Stealth        | 2 |  2.5
Transmutations | 2 |  2.2
Fighting       | 3 |  3.4
Spellcasting   | 1 |  1.5
Crossbows      | |  1.0
Throwing       | |  1.1
Armour         | |  1.9
Translocations | |  1.7

Action                   |  1- 3 |  4- 6 || total
-------------------------+-------+-------++-------
Melee: Hand axe          |   187 |   176 ||   363
       Headbutt          |     2 |     6 ||     8
       Kick              |     6 |    14 ||    20
 Cast: Beastly Appendage |     8 |     6 ||    14
Armor: Ring mail         |   101 |    55 ||   156
Dodge: Dodged            |   122 |   107 ||   229

Table legend: (Time is in decaauts)
 A = Elapsed time spent in this place.
 B = Non-inter-level travel time spent in this place.
 C = Inter-level travel time spent in this place.
 D = Time resting spent in this place.
 E = Time spent auto-exploring this place.
 F = Levels seen in this place.
 G = Mean time per level.
                   A        B        C        D        E       F      G
               +--------+--------+--------+--------+--------+-----+--------+
         Total |   4266 |   4201 |     65 |   1891 |   1554 |   3 | 1422.0 |
       Dungeon |   4266 |   4201 |     65 |   1891 |   1554 |   3 | 1422.0 |
               +--------+--------+--------+--------+--------+-----+--------+

Top non-repeatable levels by time:
     D:1: 1580 daAuts
     D:2: 1566 daAuts
     D:3: 1120 daAuts
